 Dungeon Crawl Stone Soup version bcrawl-1.40.3b (webtiles) character file.

Game seed: 15620068818699835893

751714 Gethsaine the Brawler (level 13, -4/120 HPs)
             Began as a Troll Monk on Feb 6, 2024.
             Was the Champion of Elyvilon.
             Slain by a shadow wraith (14 damage)
             ... on level 12 of the Dungeon on Feb 8, 2024.
             The game lasted 01:39:58 (8024 turns).

Gethsaine the Brawler (Troll Monk)                  Turns: 8024, Time: 01:39:59

Health: -4/120     AC: 13    Str: 24    XL:     13   Next: 10%
Magic:  0/14       EV: 16    Int:  8    God:    Elyvilon [******]
Gold:   163        SH:  0    Dex: 20    Spells: 9/12 levels left

rFire    . . .     GDR:     34%   - Claws (39.0)
rCold    . . .     SeeInvis .   (no shield)
rNeg     . . .     Gourm    +   (armour unavailable)
rPois    .         Faith    .   o - +2 hat
rElec    .         Spirit   +   f - +0 cloak
rCorr    .         Reflect  .   (gloves unavailable)
MR       +....                  (boots unavailable)
Stlth    +++.......             b - amulet of guardian spirit
HPRegen  1.10/turn              n - ring of protection from magic
MPRegen  0.14/turn              X - +7 ring of dexterity

@: slowed, very slow
A: large, almost no armour, claws 3, fast metabolism 3, gourmand, regeneration
2, AC +10
a: Lesser Healing, Heal Other, Purification, Greater Healing, Divine Vigour,
Divine Protection, Renounce Religion


You were on level 12 of the Dungeon.
You worshipped Elyvilon.
Elyvilon was exalted by your worship.
You were not hungry.

You visited 2 branches of the dungeon, and saw 13 of its levels.
You also visited: Sewer.

You collected 680 gold pieces.
You spent 517 gold pieces at shops.

Inventory:

Hand Weapons
 r - a +4 scimitar of flaming
 s - the +5 dagger of Dissolution {antimagic, Int+4}
   (You took it off Grum on level 9 of the Dungeon)

   It reduces the magical energy of the wielder, and disrupts the spells and
   magical abilities of those hit.
   Natural abilities and divine invocations are not affected.
   It affects your intelligence (+4).
 Z - the cursed +1 long sword of the Six Spirits {pain, rF+ Str+2, unknown}
   (You found it on level 7 of the Dungeon)

   In the hands of one skilled in necromantic magic, it inflicts extra damage on
   living creatures.
   It affects your strength (+2).
   It protects you from fire.
   It has a curse placed upon it.
   Elyvilon disapproves of the use of such an item.
Missiles
 d - 130 large rocks
 h - 1930 arrows
 p - 314 poisoned tomahawks (quivered)
 u - 1038 stones
 x - 540 bolts
 A - 627 sling bullets
 B - 61 needles of confusion
 K - 40 exploding tomahawks
Armour
 a - a +0 hat
 f - a +0 cloak (worn)
 o - a +2 hat (worn)
 y - a +0 cloak
Jewellery
 b - an amulet of guardian spirit (around neck)
 n - a ring of protection from magic (left claw)
 E - an uncursed amulet of the acrobat
 X - a +7 ring of dexterity (right claw)
Wands
 g - a wand of disintegration (18)
 k - a wand of paralysis (8)
 q - a wand of iceblast (3)
 N - a wand of acid (18)
 T - a wand of random effects (5)
Scrolls
 c - 4 scrolls of remove curse
 i - 2 scrolls of identify
 m - a scroll of enchant armour {unknown}
 t - a scroll of silence {unknown}
 z - 2 scrolls of brand weapon {unknown}
 C - 2 scrolls of noise
 D - 3 scrolls of amnesia {unknown}
 H - a scroll of fear {unknown}
 L - 2 scrolls of blinking {unknown}
 M - 2 scrolls of enchant weapon {unknown}
 O - 3 scrolls of teleportation {unknown}
 S - 2 scrolls of revelation {unknown}
 U - 4 scrolls of immolation
Potions
 j - 3 potions of magic {unknown}
 l - 2 potions of berserk rage
 w - a potion of heal wounds
 G - 2 potions of degeneration {unknown}
 I - a potion of lignification {unknown}
 P - 2 potions of agility {unknown}
 V - 3 potions of flight {unknown}
 Y - 2 potions of might {unknown}
Comestibles
 e - 11 rations {!d}


   Skills:
 + Level 5.9 Fighting
 + Level 3.8 Throwing
 + Level 7.9 Dodging
 + Level 4.6 Stealth
 + Level 16.6 Unarmed Combat
 + Level 3.0 Invocations
 + Level 2.0 Evocations


You had 9 spell levels left.
You knew the following spells:

 Your Spells              Type           Power        Failure   Level  Hunger
a - Call Canine Familiar  Summ           #.......     78%         3    #####..

Your spell library contained the following spells:

 Spells                   Type           Power        Failure   Level  Hunger
 Summon Ice Beast         Ice/Summ       #.......     99%         4    ######.
 Iskenderun's Battlesphe  Conj/Chrm      #.......     100%        5    #######
 Piercing Shot            Chrm           #.........   100%        5    #######
 Steam Barrier            Chrm/Fire      #.........   100%        5    #######
 Summon Mana Viper        Hex/Summ       #.......     100%        5    #######
 Summon Hydra             Summ           #.........   100%        6    #######
 Monstrous Menagerie      Summ           #.........   100%        7    #######
 Scorpion Form            Tmut/Pois      #.........   100%        7    #######
 Time Stop                Chrm/Tloc      N/A          100%        8    #######


Dungeon Overview and Level Annotations

Branches:
Dungeon (12/12)            Temple (1/1) D:5             Orc (0/1) D:10
   Lair: D:7-9       Vaults: D:11-12     Depths: D:12

Altars:
Ashenzari
Cheibriados
Elyvilon
Gozag
Hepliaklqana
Kikubaaqudgha
Lugonu
Okawaru
Qazlal
Uskayaw
Vehumet
Yredelemnul
The Shining One

Shops:
D:4 =   D:6 %   D:11 !   D:12 *


Innate Abilities, Weirdness & Mutations

You cannot wear most types of armour.
Your thick skin is tough. (AC +10)
You are too large for most types of armour.
You have claws for hands.
Your metabolism is lightning-fast.
You like to eat raw meat.
You heal very quickly.


Message History

You destroy the freezing wraith!
Something hits you.
* * * LOW HITPOINT WARNING * * *
Something drains your vigour!
You feel as though you will be slow longer.
Something closely misses you.
You scratch something. Something hits you!
* * * LOW HITPOINT WARNING * * *
You feel better. Something hits you but does no damage.
You barely miss something. Something hits you!!
* * * LOW HITPOINT WARNING * * *
Something drains your vigour!
You feel as though you will be slow longer.
Something hits you!! Elyvilon protects you from harm!
Evoke which item? (* to show all) (? for menu, Esc to quit)
Aiming: Corrosive Bolt
Press: ? - help, Shift-Dir - straight line Something hits you!
You die...

#......#†..^.......####
.......#...........#
#.............#
#..############ #..#
#..# #..# .#######..#
.......{@.# ###...##..#
..... ...# #### #####


There were no monsters in sight!

Vanquished Creatures
  The ghost of Lazarus1551 the Thaumaturge, a journeyman OnWn of Okawaru (D:10)
  An ogre mage (D:11)
  A hydra (D:12)
  Erica (D:9)
  7 two-headed ogres (D:11)
  A tengu warrior (D:11)
  Nergalle (D:9)
  2 centaur warriors
  A wolf spider zombie (D:9)
  2 cyclopes
  Pikel (D:4)
  An orc knight (D:10)
  A deep elf mage (D:12)
  2 ugly things
  2 manticores
  A gargoyle (D:11)
  An eye of draining (D:12)
  A yaktaur (D:10)
  A freezing wraith (D:12)
  A komodo dragon (D:10)
  A tengu conjurer (D:11)
  A troll (D:9)
  A troll (shapeshifter) (D:12)
  A hornet (D:11)
  2 harpy skeletons
  5 hippogriffs
  Grum (D:9)
  Sigmund (D:3)
  A shadow (D:10)
  A water elemental (D:12)
  2 wraiths
  24 yaks
  2 hogs (D:8)
  A human (D:8)
  6 vampire mosquitoes (D:12)
  3 hungry ghosts
  Eustachio (D:6)
  A warg (D:10)
  2 crocodiles
  A porcupine (D:8)
  2 soldier ants
  3 hornet zombies
  3 phantoms
  An ice beast (D:12)
  2 sky beasts
  2 black bears (D:6)
  5 orc warriors
  A necrophage (D:11)
  2 wolves (D:9)
  8 ogres
  4 bullfrogs
  3 kobold brigands
  Blork the orc (D:4)
  A gnoll sergeant (D:5)
  A water moccasin zombie (D:9)
  4 centaurs
  4 scorpions
  4 wights (D:7)
  2 electric eels (D:12)
  6 orc priests
  2 crimson imps
  A bullfrog zombie (D:9)
  7 orc wizards
  2 hounds
  2 jellies
  A gnoll shaman (D:9)
  2 iguanas
  6 worker ants
  2 killer bee zombies
  2 hound zombies (D:9)
  A howler monkey zombie (D:9)
  2 worker ant zombies (D:9)
  14 gnolls
  A howler monkey skeleton (D:9)
  7 adders
  An ooze (D:4)
  4 adder zombies
  An adder skeleton (D:8)
  2 worms
  2 dart slugs
  2 leopard geckos
  49 orcs
  2 giant cockroaches (D:3)
  6 goblins
  8 hobgoblins
  18 jackals
  23 kobolds
  3 quokkas
  4 bats
  4 frilled lizards
  A jackal skeleton (D:7)
  A jackal zombie (D:7)
  5 rats
  A spectral orc (D:4)
  A fungus (D:8)
337 creatures vanquished.

Vanquished Creatures (others)
  A bat (D:2)
1 creature vanquished.

Grand Total: 338 creatures vanquished

Notes
Turn   | Place    | Note
-------+----------+-------------------------------------------
     0 | D:1      | Gethsaine the Troll Monk began the quest for the Orb.
     0 | D:1      | Reached XP level 1. HP: 22/22 MP: 1/1
   265 | D:1      | Reached XP level 2. HP: 29/29 MP: 2/2
   678 | D:2      | Reached XP level 3. HP: 28/36 MP: 3/3
   777 | D:2      | Found a white marble altar of Elyvilon.
   787 | D:2      | Became a worshipper of Elyvilon the Healer
   787 | D:2      | Reached * piety under Elyvilon
   787 | D:2      | Reached ** piety under Elyvilon
   883 | D:3      | Noticed a +0 falchion
   883 | D:3      | Noticed a +0 spear
   884 | D:3      | Noticed a +0 spear
   895 | D:3      | Noticed a +0 dagger
   899 | D:3      | Reached skill level 4 in Unarmed Combat
   910 | D:3      | Noticed a +0 short sword
   910 | D:3      | Noticed a +0 short sword
   911 | D:3      | Noticed a +0 dagger
   912 | D:3      | Noticed a +0 falchion
   913 | D:3      | Noticed Sigmund
   915 | D:3      | Found a hide-covered altar of Uskayaw.
   939 | D:3      | Killed Sigmund
   940 | D:3      | Reached skill level 5 in Unarmed Combat
   940 | D:3      | Gained mutation: Your natural rate of healing is unusually
                  | fast. [Troll growth]
   940 | D:3      | Reached XP level 4. HP: 38/44 MP: 2/4
   940 | D:3      | Reached XP level 5. HP: 45/52 MP: 2/5
  1051 | D:3      | Found a glowing drain.
  1159 | D:3      | Reached XP level 6. HP: 59/59 MP: 6/6
  1308 | Sewer    | Entered a sewer
  1390 | Sewer    | Noticed a crocodile
  1398 | Sewer    | Killed a crocodile
  1399 | Sewer    | Reached skill level 6 in Unarmed Combat
  1548 | D:3      | Found an opulent altar of Gozag.
  1619 | D:4      | Found a hazy altar of Hepliaklqana.
  1676 | D:4      | Found Egroif's Jewellery Shop.
  1689 | D:4      | Reached *** piety under Elyvilon
  1901 | D:4      | Reached XP level 7. HP: 64/67 MP: 5/7
  2010 | D:4      | Noticed Blork the orc
  2013 | D:4      | Killed Blork the orc
  2115 | D:4      | Noticed Pikel
  2124 | D:4      | Killed Pikel
  2125 | D:4      | Reached skill level 7 in Unarmed Combat
  2125 | D:4      | Reached XP level 8. HP: 75/75 MP: 8/8
  2207 | D:5      | Entered Level 5 of the Dungeon
  2337 | D:5      | Found a staircase to the Ecumenical Temple.
  2347 | Temple   | Entered the Ecumenical Temple
  2401 | D:5      | Reached skill level 8 in Unarmed Combat
  2468 | D:5      | Reached **** piety under Elyvilon
  2708 | D:6      | Reached skill level 9 in Unarmed Combat
  2816 | D:6      | Reached skill level 1 in Throwing
  2908 | D:6      | Found a glowing golden altar of the Shining One.
  2964 | D:6      | Noticed Eustachio
  2974 | D:6      | Reached skill level 5 in Dodging
  2974 | D:6      | Reached XP level 9. HP: 71/83 MP: 6/9
  3006 | D:6      | Killed Eustachio
  3031 | D:6      | Found Murahae's Food Boutique.
  3040 | D:6      | Bought a ration for 60 gold pieces
  3040 | D:6      | Bought a ration for 60 gold pieces
  3040 | D:6      | Bought a ration for 60 gold pieces
  3040 | D:6      | Bought a ration for 60 gold pieces
  3120 | D:6      | Reached skill level 10 in Unarmed Combat
  3518 | D:7      | Reached ***** piety under Elyvilon
  3595 | D:7      | Noticed a manticore
  3647 | D:7      | Killed a manticore
  3680 | D:7      | Reached skill level 11 in Unarmed Combat
  3729 | D:7      | Reached XP level 10. HP: 38/93 MP: 4/10
  3968 | D:7      | Got a sapphire long sword
  4109 | D:7      | Found a radiant altar of Vehumet.
  4113 | D:7      | Found an iron altar of Okawaru.
  4120 | D:7      | Found a corrupted altar of Lugonu.
  4394 | D:8      | Reached skill level 12 in Unarmed Combat
  5091 | D:8      | Noticed a red ugly thing
  5103 | D:8      | Killed a red ugly thing
  5296 | D:9      | Noticed Nergalle
  5351 | D:9      | Killed Nergalle
  5352 | D:9      | Reached XP level 11. HP: 61/101 MP: 2/11
  5353 | D:9      | Reached skill level 13 in Unarmed Combat
  5593 | D:9      | Found a basalt altar of Yredelemnul.
  5631 | D:9      | Found a stormy altar of Qazlal.
  5686 | D:9      | Noticed Erica
  5708 | D:9      | Killed Erica
  5709 | D:9      | Reached skill level 14 in Unarmed Combat
  5719 | D:9      | Identified the +5 dagger of Dissolution {antimagic, Int+4}
  5719 | D:9      | Noticed Grum
  5732 | D:9      | Killed Grum
  5749 | D:9      | Reached skill level 5 in Fighting
  6067 | D:10     | Entered Level 10 of the Dungeon
  6073 | D:10     | Noticed an orc knight
  6091 | D:10     | Killed an orc knight
  6103 | D:10     | Reached skill level 1 in Evocations
  6134 | D:10     | Found a runed translucent door.
  6139 | D:10     | Noticed Lazarus1551's ghost (journeyman OnWn)
  6164 | D:10     | Killed Lazarus1551's ghost
  6291 | D:10     | Found a staircase to the Orcish Mines.
  6351 | D:10     | Noticed a cyclops
  6382 | D:10     | Killed a cyclops
  6383 | D:10     | Gained mutation: You heal very quickly. [Troll growth]
  6383 | D:10     | Reached XP level 12. HP: 32/111 MP: 0/12
  6510 | D:10     | Learned a level 3 spell: Call Canine Familiar
  6729 | D:10     | Reached skill level 15 in Unarmed Combat
  6783 | D:10     | Reached ****** piety under Elyvilon
  6991 | D:11     | Found Zeczin's Distillery.
  6994 | D:11     | Bought a potion of curing for 27 gold pieces
  6994 | D:11     | Bought a potion of curing for 27 gold pieces
  6994 | D:11     | Bought a potion of heal wounds for 55 gold pieces
  7323 | D:11     | Noticed an ogre mage
  7324 | D:11     | Noticed a two-headed ogre
  7325 | D:11     | Noticed a two-headed ogre
  7327 | D:11     | Noticed a two-headed ogre
  7327 | D:11     | Noticed a two-headed ogre
  7328 | D:11     | Noticed a two-headed ogre
  7330 | D:11     | Killed an ogre mage
  7330 | D:11     | Noticed a two-headed ogre
  7331 | D:11     | Killed a two-headed ogre
  7333 | D:11     | Killed a two-headed ogre
  7336 | D:11     | Killed a two-headed ogre
  7342 | D:11     | Killed a two-headed ogre
  7345 | D:11     | Killed a two-headed ogre
  7352 | D:11     | Killed a two-headed ogre
  7401 | D:11     | Noticed a two-headed ogre
  7409 | D:11     | Killed a two-headed ogre
  7481 | D:11     | Noticed a tengu warrior
  7492 | D:11     | Killed a tengu warrior
  7493 | D:11     | Reached skill level 16 in Unarmed Combat
  7779 | D:12     | Entered Level 12 of the Dungeon
  7868 | D:12     | Reached XP level 13. HP: 117/120 MP: 12/14
  7945 | D:12     | Found Oguleun's General Store.
  7959 | D:12     | Bought a scroll of identify for 28 gold pieces
  7959 | D:12     | Bought a ration for 70 gold pieces
  7959 | D:12     | Bought a ration for 70 gold pieces
  8023 | D:12     | Elyvilon protects you from harm!
  8024 | D:12     | Slain by a shadow wraith

Skill      XL: |  1  2  3  4  5  6  7  8  9 10 11 12 |
---------------+-------------------------------------+-----
Unarmed Combat | 5 6 7 9 11 12 14 16 | 16.6
Dodging        | 3 4 5 6 7 |  7.9
Fighting       | 3 4 5 |  5.9
Stealth        | 2 3 4 |  4.6
Throwing       | 1 2 3 |  3.8
Evocations     | 1 2 |  2.0
Invocations    | 3 |  3.0

Action                   |  1- 3 |  4- 6 |  7- 9 | 10-12 | 13-15 || total
-------------------------+-------+-------+-------+-------+-------++-------
Melee: Unarmed           |    96 |    92 |   234 |   503 |    34 ||   959
       Punch             |     2 |     2 |     7 |    47 |       ||    58
Throw: Tomahawk          |       |     1 |     9 |    22 |       ||    32
       Large rock        |       |       |     1 |       |       ||     1
Invok: Divine Protection |       |     1 |       |       |       ||     1
       Lesser Healing    |       |       |     3 |       |     1 ||     4
       Greater Healing   |       |       |       |     2 |       ||     2
Evoke: Wand              |       |       |       |    13 |     5 ||    18
  Use: Scroll            |       |       |     3 |     5 |       ||     8
       Potion            |       |       |     8 |       |     5 ||    13
 Stab: Sleeping          |     1 |     3 |     2 |     9 |       ||    15
       Distracted        |       |       |       |     1 |       ||     1
  Eat: Chunk             |     3 |     1 |     2 |    15 |       ||    21
       Ration            |     1 |     2 |     5 |     6 |       ||    14
Armor: Skin              |    32 |    30 |    71 |   124 |    31 ||   288
Dodge: Dodged            |    42 |    62 |   142 |   232 |    41 ||   519
